[Event "World Team-ch Women 2019"]
[Site "Astana"]
[Date "2019.03.14"]
[Round "9.3"]
[White "Ushenina, Anna"]
[Black "Lei, Tingjie"]
[Result "0-1"]
[ECO "E06"]
[WhiteElo "2443"]
[BlackElo "2477"]
[Annotator "RC"]
[PlyCount "100"]
[EventDate "2019.02.05"]
[EventType "team-tourn"]
[EventCountry "KAZ"]
[SourceTitle "playchess.com"]
[Source "ChessBase"]
[SourceQuality "1"]
[WhiteTeam "Ukraine"]
[BlackTeam "China"]
[WhiteTeamCountry "UKR"]
[BlackTeamCountry "CHN"]
[TimeControl "40/5400+30:1800+30"]

1. d4 Nf6 2. c4 e6 3. Nf3 d5 4. g3 Be7 5. Bg2 O-O 6. O-O dxc4 7. Qc2 a6 8. a4 Bd7 9. Rd1 Bc6 10. Bg5 b5 11. Bxf6 Bxf6 12. Nc3 Qe8 13. d5 Bxd5 14. axb5 Nd7 15. bxa6 Nb6 16. e4 Bc6 17. e5 Be7 18. Nd4 Bd5 19. Be4 g6 20. h4 c6 21. h5 Bc5 22. Qe2 Bxd4 23. Rxd4 Qb8 24. Bc2 Nd7 25. Re1 Qxb2 26. Qd2 Rxa6 27. Nd1 Qb8 28. Qg5 Kg7 29. hxg6 hxg6 30. Rh4 Rh8 31. Bxg6 Qd8 32. Qxd8 Rxd8 33. Bh5 Ra1 34. Kf1 Rh8 35. f4 f6 36. Ne3 Rxe1+ 37. Kxe1 fxe5 38. f5 exf5 39. Nxf5+ Kf6 40. Ne3 Kg5 41. Rg4+ Kf6 42. Rg6+ Ke7 43. Rg5 Kd6 44. Bg4 Nb6 45. Bh5 c3 46. g4 Nc4 47. Ke2 Nxe3 48. Kxe3 c2 49. Kd2 Be4 50. Rg7 Ke6 0-1

[Event "World Team-ch Women 2019"]
[Site "Astana"]
[Date "2019.03.14"]
[Round "9.9"]
[White "Hoang, Thanh Trang"]
[Black "Karavade, Eesha"]
[Result "1/2-1/2"]
[ECO "A46"]
[WhiteElo "2454"]
[BlackElo "2357"]
[Annotator "RC"]
[PlyCount "62"]
[EventDate "2019.02.05"]
[EventType "team-tourn"]
[EventCountry "KAZ"]
[SourceTitle "playchess.com"]
[Source "ChessBase"]
[SourceQuality "1"]
[WhiteTeam "Hungary"]
[BlackTeam "India"]
[WhiteTeamCountry "HUN"]
[BlackTeamCountry "IND"]
[TimeControl "40/5400+30:1800+30"]

1. d4 Nf6 2. Nf3 e6 3. e3 b6 4. Bd3 Bb7 5. O-O d5 6. b3 Bd6 7. Bb2 Nbd7 8. Nbd2 O-O 9. c4 Ne4 10. Rc1 Qe7 11. Qc2 f5 12. Ne5 Nxd2 13. Qxd2 Nxe5 14. dxe5 Bc5 15. cxd5 Bxd5 16. Bc4 Rad8 17. Qe2 f4 18. Bxd5 Rxd5 19. exf4 Rxf4 20. g3 Rf8 21. Kg2 Qd7 22. Bc3 Bd4 23. Bxd4 Rxd4 24. Rfd1 c5 25. Rxd4 cxd4 26. Rd1 Qd5+ 27. f3 Rf5 28. Qf2 d3 29. Qf1 Qxe5 30. Qxd3 Rf8 31. Rd2 Qf5 1/2-1/2

[Event "World Team-ch Women 2019"]
[Site "Astana"]
[Date "2019.03.14"]
[Round "9.10"]
[White "Soumya, Swaminathan"]
[Black "Gara, Anita"]
[Result "0-1"]
[ECO "B22"]
[WhiteElo "2401"]
[BlackElo "2384"]
[Annotator "ChessBase"]
[PlyCount "76"]
[EventDate "2019.02.05"]
[EventType "team-tourn"]
[EventCountry "KAZ"]
[SourceTitle "playchess.com"]
[Source "ChessBase"]
[SourceQuality "1"]
[WhiteTeam "India"]
[BlackTeam "Hungary"]
[WhiteTeamCountry "IND"]
[BlackTeamCountry "HUN"]
[TimeControl "40/5400+30:1800+30"]

1. e4 c5 2. c3 g6 3. d4 cxd4 4. cxd4 d5 5. e5 a6 6. Nc3 Nc6 7. Be3 Nh6 8. Qb3 e6 9. Nf3 Nf5 10. Rd1 Nxe3 11. fxe3 b5 12. Bd3 Bb7 13. O-O Bh6 14. Rde1 O-O 15. a3 Rc8 16. Qd1 Qb6 17. Qe2 Na5 18. Qf2 Qd8 19. Ne2 Nc4 20. Nf4 Qe7 21. g4 f6 22. exf6 Qxf6 23. Nh3 Qe7 24. g5 Bg7 25. Qg2 e5 26. Bb1 e4 27. Nd2 Nxe3 28. Rxe3 Bxd4 29. Qe2 Qc5 30. Re1 Bxe3+ 31. Qxe3 Qxe3+ 32. Rxe3 Rc1+ 33. Kg2 d4 34. Ba2+ Kh8 35. Rxe4 Rc2 36. Kg3 Rxd2 37. Re7 Rg2+ 38. Kh4 Bc8 0-1

[Event "World Team-ch Women 2019"]
[Site "Astana"]
[Date "2019.03.14"]
[Round "9.11"]
[White "Gara, Ticia"]
[Black "Padmini, Rout"]
[Result "1/2-1/2"]
[ECO "D35"]
[WhiteElo "2324"]
[BlackElo "2332"]
[Annotator "NA"]
[PlyCount "75"]
[EventDate "2019.02.05"]
[EventType "team-tourn"]
[EventCountry "KAZ"]
[SourceTitle "playchess.com"]
[Source "ChessBase"]
[SourceQuality "1"]
[WhiteTeam "Hungary"]
[BlackTeam "India"]
[WhiteTeamCountry "HUN"]
[BlackTeamCountry "IND"]
[TimeControl "40/5400+30:1800+30"]

1. c4 e6 2. Nc3 d5 3. d4 Nf6 4. cxd5 exd5 5. Bg5 c6 6. e3 h6 7. Bh4 Bf5 8. Bd3 {[%emt 0:04:17] D35: Queen's Gambit Declined: Exchange Variation} (8. Qf3 Bh7 9. Bxf6 Qxf6 10. Qxf6 gxf6 11. Kd2 Nd7 12. Nf3 Nb6 13. Bd3 Nc4+ 14. Bxc4 dxc4 15. b3 cxb3 16. axb3 {1-0 (64) So,W (2780)-Duda,J (2737) chess.com INT 2018}) 8... Bxd3 9. Qxd3 Nbd7 10. Nge2 Be7 11. O-O O-O 12. Rab1 $146 ({Predecessor:} 12. a3 a5 13. Qc2 Re8 14. Nc1 Ne4 15. Nxe4 dxe4 16. Bxe7 Qxe7 {1-0 (56) Nguyen,N (2431)-Gonda,L (2397) Budapest 2004}) 12... Ne4 13. Bxe7 Qxe7 14. f3 Nxc3 15. bxc3 Rfe8 16. e4 dxe4 17. fxe4 Qxe4 18. Qxe4 Rxe4 19. Ng3 Re3 20. Rxb7 Nf6 21. Nf5 Rxc3 {[%emt 0:00:09] [#]} (21... Re6 $1 $14) 22. Nxh6+ $1 gxh6 23. Rxf6 Rf8 24. Rxa7 Kg7 25. Rf4 Kg6 26. Kf2 (26. a4 $16) 26... Rb8 27. Re4 ({Much weaker is} 27. Rfxf7 Rb2+ 28. Kg1 Rc1+ 29. Rf1 Rcc2 $11) (27. Raxf7 $16 Rb2+ 28. Kg1) 27... Rb4 28. Rd7 c5 29. Rd6+ f6 30. Ree6 Rb2+ 31. Re2 Rcc2 32. Rxc2 Rxc2+ 33. Kf3 cxd4 $11 34. a4 Rc3+ 35. Ke4 Rc2 36. Kf3 Rc3+ 37. Ke2 Rc2+ 38. Kf3 1/2-1/2

[Event "World Team-ch Women 2019"]
[Site "Astana"]
[Date "2019.03.14"]
[Round "9.12"]
[White "Kulkarni Bhakti"]
[Black "Havanecz, Bianka"]
[Result "1-0"]
[ECO "D21"]
[WhiteElo "2322"]
[BlackElo "2270"]
[Annotator "NA"]
[PlyCount "138"]
[EventDate "2019.02.05"]
[EventType "team-tourn"]
[EventCountry "KAZ"]
[SourceTitle "playchess.com"]
[Source "ChessBase"]
[SourceQuality "1"]
[WhiteTeam "India"]
[BlackTeam "Hungary"]
[WhiteTeamCountry "IND"]
[BlackTeamCountry "HUN"]
[TimeControl "40/5400+30:1800+30"]

1. d4 d5 2. c4 dxc4 3. Nf3 a6 4. e3 Bg4 5. Bxc4 e6 6. Nbd2 Nc6 {[%emt 0:06:04] D22: Queen's Gambit Accepted: 3 Nf3 a6 4 e3} 7. Be2 Nf6 8. O-O Bd6 9. Nc4 O-O 10. b3 Qe7 11. Bb2 Rad8 12. Rc1 Ne4 $146 ({Predecessor:} 12... h6 13. h3 Bh5 14. Nfd2 Bg6 15. Nxd6 cxd6 {1-0 (34) Voloshin,L (2434)-Stocek,J (2595) Kouty nad Desnou 2012}) 13. h3 Bh5 14. Nxd6 Qxd6 15. Qc2 f5 16. Rfd1 Rc8 17. a3 Ne7 18. Ne5 Bxe2 19. Qxe2 Nd5 20. Qd3 c6 21. Rc2 Qe7 22. Bc1 Qh4 23. Nd7 Rfd8 24. Nc5 Nxc5 25. Rxc5 Rc7 26. Bd2 Rf7 27. f3 Rf6 28. Qe2 Rg6 29. Kh1 Rf8 30. b4 Rff6 31. Be1 Qh6 32. Bf2 Qg5 33. g3 Rh6 34. h4 Rfg6 35. Rg1 f4 36. exf4 Nxf4 37. Qe3 Nd5 38. Qxg5 Rxg5 39. Be3 Rxg3 40. Bxh6 Rxg1+ 41. Kxg1 gxh6 42. Rc2 Kf7 43. Kf2 h5 44. Re2 Nf4 45. Re4 Ng6 46. Kg3 Kf6 47. Kf2 Ne7 48. Ke2 Nf5 49. Kd3 Ke7 50. Re5 h6 51. Re4 Kd7 52. a4 Ke7 {[%emt 0:01:25] [#]} 53. Rf4 $2 (53. a5 $1 $18 {is the precise move to win.} Kd7 54. Re5) 53... Nd6 $2 (53... b5 $16 {is more resistant.} 54. a5 Kd7) 54. a5 Nf5 55. Rxf5 exf5 56. Kc4 Kd7 {[%emt 0:10:08] [#]} 57. Kc5 $18 f4 58. d5 cxd5 59. Kxd5 Kc7 60. Ke5 Kc6 61. Kxf4 Kb5 62. Ke5 Kxb4 63. f4 Kxa5 64. f5 b5 65. f6 b4 66. f7 b3 67. f8=Q Ka4 68. Kd4 b2 69. Qb8 a5 1-0

[Event "World Team-ch Women 2019"]
[Site "Astana"]
[Date "2019.03.14"]
[Round "9.14"]
[White "Mkrtchian, Lilit"]
[Black "Assaubayeva, Bibisara"]
[Result "1-0"]
[ECO "D35"]
[WhiteElo "2390"]
[BlackElo "2376"]
[Annotator "NA"]
[PlyCount "55"]
[EventDate "2019.02.05"]
[EventType "team-tourn"]
[EventCountry "KAZ"]
[SourceTitle "playchess.com"]
[Source "ChessBase"]
[SourceQuality "1"]
[WhiteTeam "Armenia"]
[BlackTeam "Kazakhstan"]
[WhiteTeamCountry "ARM"]
[BlackTeamCountry "KAZ"]
[TimeControl "40/5400+30:1800+30"]

1. d4 d5 2. c4 e6 3. Nc3 Nf6 4. cxd5 exd5 5. Bg5 Be7 6. e3 c6 7. Bd3 O-O 8. Qc2 Nbd7 9. Nf3 h6 10. Bf4 Nh5 11. Be5 Nxe5 {[%emt 0:09:00] D36: Queen's Gambit Declined: Exchange Variation: Main line (5 Bg5 c6 6 Qc2)} (11... Nhf6 12. O-O Nxe5 13. dxe5 Nd7 14. Rad1 Nc5 15. Bh7+ Kh8 16. Bf5 Qc7 17. Rc1 Bxf5 18. Qxf5 a5 19. Rfd1 {½-½ (34) Rubinas,P (2551)-Miettinen,K (2451) ICCF email 2016}) 12. Nxe5 Nf6 13. h3 Bd6 14. f4 c5 $146 ({Predecessor:} 14... Nd7 15. O-O Nxe5 16. fxe5 Bc7 17. Rf3 {1-0 (25) Lopez Agustench,E (2272)-Gardela Batlle,J (2184) Alella 2008}) 15. g4 c4 16. Be2 b5 17. Bf3 Qa5 (17... b4 $5 18. Nxd5 Bxe5 19. Nxf6+ {[%mdl 64] Discovered Attack} Bxf6 20. Bxa8 Re8 $16) 18. O-O (18. Qg2 $16) 18... Bb7 19. a3 Rad8 20. Qg2 Qb6 21. h4 $16 ({Stronger than} 21. Bxd5 Nxd5 22. Nxd5 Bxe5 $17) 21... g5 22. hxg5 hxg5 23. fxg5 Ne4 24. Bxe4 dxe4 25. Rf6 Qa5 26. Qh2 Bxe5 27. dxe5 Rfe8 28. g6 1-0

[Event "World Team-ch Women 2019"]
[Site "Astana"]
[Date "2019.03.14"]
[Round "9.15"]
[White "Nakhbayeva, Guliskhan"]
[Black "Sargsyan, Anna M."]
[Result "1-0"]
[ECO "D11"]
[WhiteElo "2295"]
[BlackElo "2340"]
[Annotator "NA"]
[PlyCount "113"]
[EventDate "2019.02.05"]
[EventType "team-tourn"]
[EventCountry "KAZ"]
[SourceTitle "playchess.com"]
[Source "ChessBase"]
[SourceQuality "1"]
[WhiteTeam "Kazakhstan"]
[BlackTeam "Armenia"]
[WhiteTeamCountry "KAZ"]
[BlackTeamCountry "ARM"]
[TimeControl "40/5400+30:1800+30"]

1. d4 d5 2. c4 c6 3. Nf3 Nf6 4. e3 Bg4 5. h3 Bxf3 6. Qxf3 e6 7. Nc3 Nbd7 8. Bd3 Bb4 9. O-O {[%emt 0:00:24] D11: Slav Defence: 3 Nf3 sidelines and 3...Nf6 4 e3 Bg4} O-O 10. a3 (10. Qd1 Qe7 11. Qb3 Rab8 12. c5 Ba5 13. Qa4 Bc7 14. f4 a5 15. a3 {1-0 (65) Vidit,S (2718)-Shankland,S (2727) Danzhou 2018}) 10... Bd6 11. cxd5 exd5 12. b4 a6 $146 ({Predecessor:} 12... Qc7 13. Bd2 Rfe8 {1-0 (43) Garcia Lopez,P (1854)-Martinez Miura,E (1733) Madrid 2010}) 13. Rb1 Qe7 14. Bd2 Rfe8 15. Rfd1 Nf8 16. Na4 Ne6 17. h4 g5 18. hxg5 Nxg5 19. Qf5 Nge4 {[%emt 0:00:34] [#]} 20. Nc5 $1 Rab8 21. Be1 Bc7 22. Rb2 Kh8 23. Re2 Rg8 24. f4 Ng3 25. Bxg3 $1 Rxg3 {[%emt 0:00:06] [#]} 26. Nd7 $1 Qxd7 27. Qxf6+ Rg7 28. Bf5 Qd6 29. Qxd6 Bxd6 30. Kf2 Ra8 31. Rb1 f6 32. a4 Re7 33. Kf3 Kg7 34. g4 h6 35. Rc2 Kf7 36. Rb3 Kg7 37. Rcc3 a5 38. b5 Bb4 39. Rc2 cxb5 40. axb5 Bd6 41. b6 Bb4 42. Rb1 Ra6 43. Rh1 Ra8 44. Rch2 Rh8 45. g5 fxg5 46. fxg5 a4 47. Rxh6 Rxh6 48. gxh6+ Kh8 49. Rc1 Re8 50. Rc7 Bd2 51. Rxb7 Rxe3+ 52. Kg4 Re8 53. Rh7+ Kg8 54. b7 a3 {[%emt 0:01:48] [#]} 55. Re7 $1 Rb8 56. h7+ Kh8 57. Rc7 1-0

[Event "World Team-ch Women 2019"]
[Site "Astana"]
[Date "2019.03.14"]
[Round "9.16"]
[White "Gevorgyan, Maria"]
[Black "Dauletova, Gulmira"]
[Result "0-1"]
[ECO "B23"]
[WhiteElo "2264"]
[BlackElo "2263"]
[Annotator "NA"]
[PlyCount "80"]
[EventDate "2019.02.05"]
[EventType "team-tourn"]
[EventCountry "KAZ"]
[SourceTitle "playchess.com"]
[Source "ChessBase"]
[SourceQuality "1"]
[WhiteTeam "Armenia"]
[BlackTeam "Kazakhstan"]
[WhiteTeamCountry "ARM"]
[BlackTeamCountry "KAZ"]
[TimeControl "40/5400+30:1800+30"]

1. e4 c5 2. Nc3 e6 3. f4 d5 4. Bb5+ Bd7 5. Bxd7+ Qxd7 6. d3 Nc6 7. Nf3 d4 8. Ne2 Nf6 {[%emt 0:00:08] B23: Closed Sicilian: Lines without g3} (8... f5 9. O-O Nf6 10. Ng3 g6 11. exf5 exf5 12. Re1+ Be7 13. Ne5 Nxe5 14. fxe5 Nd5 15. Qf3 O-O-O 16. Bd2 {½-½ (46) Ali,S (2393)-Arencibia Rodriguez,W (2506) Sharjah 2016}) 9. O-O Be7 10. Ng3 h5 11. Ne5 Nxe5 $146 ({Predecessor:} 11... Qc7 $11 12. Nxc6 Qxc6 13. Qf3 h4 14. Ne2 {½-½ (68) Moya Arau,C (2032)-Gallart Zafra,J (2163) Barcelona 2018}) 12. fxe5 Ng4 {[%emt 0:02:14] [#]} 13. Nxh5 $1 Nxh2 $1 14. Nxg7+ (14. Rf2 $11 g6 15. Nf4) 14... Kf8 15. Rf2 {[%emt 0:00:12] [#]} Bh4 $1 ({Much worse is} 15... Kxg7 $6 16. g3 $14) 16. Nh5 Bxf2+ 17. Kxf2 {[%emt 0:00:06] [#]} f5 $1 18. exf6 $2 ({White has to play} 18. Nf6 $1 $15 Qg7 19. exf5 exf5 20. c3) 18... e5 $2 (18... Qf7 19. Nf4 Qxf6) 19. Ng3 {[%emt 0:07:00] [#]} Kf7 $1 20. Nf5 Rag8 21. c3 Ng4+ 22. Kf3 $19 (22. Ke2 $142 c4 23. cxd4) 22... Kxf6 23. cxd4 cxd4 24. Bd2 Qh7 25. Ke2 Ne3 26. Nxe3 Qh5+ 27. Ke1 dxe3 28. Bxe3 Rxg2 29. Qxh5 Rxh5 30. Kf1 Rxb2 31. Bxa7 Rh1+ 32. Bg1 Kg5 33. a4 Kg4 34. Re1 Rd2 35. a5 Kf4 36. d4 exd4 37. Rb1 Kf3 38. Rb3+ d3 39. Ke1 Re2+ 40. Kf1 Rf2+ 0-1

[Event "World Team-ch Women 2019"]
[Site "Astana"]
[Date "2019.03.14"]
[Round "9.17"]
[White "Nemcova, Katerina"]
[Black "Wafa, Shahenda"]
[Result "1/2-1/2"]
[ECO "A04"]
[WhiteElo "2315"]
[BlackElo "2175"]
[Annotator "NA"]
[PlyCount "69"]
[EventDate "2019.02.05"]
[EventType "team-tourn"]
[EventCountry "KAZ"]
[SourceTitle "playchess.com"]
[Source "ChessBase"]
[SourceQuality "1"]
[WhiteTeam "United States"]
[BlackTeam "Egypt"]
[WhiteTeamCountry "USA"]
[BlackTeamCountry "EGY"]
[TimeControl "40/5400+30:1800+30"]

1. Nf3 f5 2. d3 d5 3. c4 c6 4. Nbd2 Nf6 5. g3 e6 6. Bg2 Bd6 7. O-O O-O 8. b3 (8. e4 $5 dxe4 9. dxe4 $14) 8... Nbd7 9. Bb2 Qe8 {[%emt 0:05:27] A10: English Opening: Unusual Replies for Black} (9... e5 10. cxd5 cxd5 11. e4 fxe4 12. dxe4 d4 13. Nc4 Bc7 14. Ba3 Re8 15. Qe2 Nf8 16. Ne1 a5 17. Nd3 b5 {½-½ (49) Galchenko,M (2336)-Sundararajan,K (2444) Pardubice 2017}) 10. e4 fxe4 11. dxe4 dxe4 12. Ng5 e3 13. fxe3 Bc5 14. Qe2 Qh5 $146 ({Predecessor:} 14... Bb6 15. Nde4 Qe7 16. Rad1 h6 17. Nh3 {1-0 (66) Jimenez,J (2205)-De Battista,F (1817) Villaguay 2017}) 15. Qxh5 $1 Bxe3+ 16. Kh1 Nxh5 17. Nde4 ({Much weaker is} 17. Nxe6 Bxd2 18. Nxf8 Nxf8 $17) 17... Ndf6 18. Rae1 Bb6 19. c5 (19. Ba3 $16 Rd8 20. Nd6) 19... Ba5 20. Re2 h6 21. Nxf6+ (21. Nxe6 $5 Bxe6 22. Nxf6+ Nxf6 23. Rxe6 $11) 21... Nxf6 22. Nxe6 Re8 23. Nf4 Rxe2 24. Nxe2 Bg4 25. Nf4 Re8 26. h3 Bc8 27. Bxf6 gxf6 28. Nh5 Re5 29. Nxf6+ Kg7 $11 30. a3 Bd8 31. Ne4 Bxh3 32. Bxh3 Rxe4 33. Rd1 Bf6 34. Rd7+ Re7 35. Rxe7+ 1/2-1/2

[Event "World Team-ch Women 2019"]
[Site "Astana"]
[Date "2019.03.14"]
[Round "9.18"]
[White "Wafa, Shrook"]
[Black "Yip, Carissa"]
[Result "1-0"]
[ECO "B51"]
[WhiteElo "2166"]
[BlackElo "2279"]
[Annotator "ChessBase"]
[PlyCount "97"]
[EventDate "2019.02.05"]
[EventType "team-tourn"]
[EventCountry "KAZ"]
[SourceTitle "playchess.com"]
[Source "ChessBase"]
[SourceQuality "1"]
[WhiteTeam "Egypt"]
[BlackTeam "United States"]
[WhiteTeamCountry "EGY"]
[BlackTeamCountry "USA"]
[TimeControl "40/5400+30:1800+30"]

1. e4 c5 2. Nf3 d6 3. Bb5+ Nd7 4. O-O a6 5. Bxd7+ Bxd7 6. d4 cxd4 7. Qxd4 e5 8. Qd3 h6 9. a4 Nf6 10. b3 Bc6 11. Re1 Be7 12. c4 a5 13. Nc3 O-O 14. Ba3 Nh5 15. g3 Qc7 16. Nb5 Bxb5 17. cxb5 Rad8 18. Rac1 Qd7 19. Red1 Qg4 20. Rc7 Nf4 21. Qf1 Qxf3 22. gxf4 Rfe8 23. Qd3 Qg4+ 24. Kh1 Qxf4 25. Qe3 Qh4 26. Qf3 b6 27. Rxd6 Rxd6 28. Bxd6 Bf6 29. Rb7 Re6 30. Rb8+ Kh7 31. Bc7 Bg5 32. Rxb6 Bf4 33. h3 Re8 34. Rd6 Qe7 35. b6 g6 36. Qg4 Rf8 37. Qf3 Re8 38. Rd5 f5 39. Qd3 fxe4 40. Qxe4 Qe6 41. Kg2 Qe7 42. Rd6 Rg8 43. Qd5 Qg5+ 44. Kf1 Qf5 45. Qd3 Qc8 46. Rd7+ Rg7 47. Rxg7+ Kxg7 48. Kg2 Qb7+ 49. Qf3 1-0

[Event "World Team-ch Women 2019"]
[Site "Astana"]
[Date "2019.03.14"]
[Round "9.19"]
[White "Foisor, Sabina-Francesca"]
[Black "Moaataz, Ayah"]
[Result "1-0"]
[ECO "D35"]
[WhiteElo "2276"]
[BlackElo "2036"]
[Annotator "NA"]
[PlyCount "63"]
[EventDate "2019.02.05"]
[EventType "team-tourn"]
[EventCountry "KAZ"]
[SourceTitle "playchess.com"]
[Source "ChessBase"]
[SourceQuality "1"]
[WhiteTeam "United States"]
[BlackTeam "Egypt"]
[WhiteTeamCountry "USA"]
[BlackTeamCountry "EGY"]
[TimeControl "40/5400+30:1800+30"]

1. d4 d5 2. c4 e6 3. Nc3 Nf6 4. cxd5 exd5 5. Bg5 Be7 6. e3 O-O 7. Bd3 Nbd7 8. Nge2 Re8 9. Qc2 c6 10. O-O Nf8 11. f3 g6 12. Rad1 Ne6 {[%emt 0:00:39] D36: Queen's Gambit Declined: Exchange Variation: Main line (5 Bg5 c6 6 Qc2)} 13. Bh4 b6 14. Kh1 Bd7 $146 ({Predecessor:} 14... a5 15. Qc1 Ba6 16. Bxa6 Rxa6 17. e4 Nh5 18. Bxe7 Rxe7 19. exd5 cxd5 20. Nxd5 {0-1 (37) Gelfand,B (2737)-Zatonskih,A (2424) Douglas 2017}) 15. Qc1 Ng7 16. e4 dxe4 17. fxe4 Ng4 (17... Nfh5 $14 18. Bxe7 Qxe7) 18. Bxe7 Qxe7 19. h3 Nf6 20. Rf3 Rf8 21. Rdf1 Nfe8 22. Ng3 Ne6 23. Nf5 gxf5 24. exf5 f6 25. fxe6 Bxe6 26. Qh6 Rf7 $2 (26... f5 27. Bxf5 Bxf5) 27. Re1 Qd6 28. Ne4 Qxd4 $2 (28... Qf8 29. Nxf6+ Nxf6 30. Qxf8+ Raxf8) 29. Nxf6+ $18 Rxf6 30. Rg3+ Kf7 31. Qxh7+ Kf8 32. Rg8+ 1-0

[Event "World Team-ch Women 2019"]
[Site "Astana"]
[Date "2019.03.14"]
[Round "9.20"]
[White "Elansary, Eman"]
[Black "Wu, Rochelle"]
[Result "0-1"]
[ECO "D04"]
[WhiteElo "1944"]
[BlackElo "2120"]
[Annotator "NA"]
[PlyCount "98"]
[EventDate "2019.02.05"]
[EventType "team-tourn"]
[EventCountry "KAZ"]
[SourceTitle "playchess.com"]
[Source "ChessBase"]
[SourceQuality "1"]
[WhiteTeam "Egypt"]
[BlackTeam "United States"]
[WhiteTeamCountry "EGY"]
[BlackTeamCountry "USA"]
[TimeControl "40/5400+30:1800+30"]

1. d4 d5 2. Nf3 Nf6 3. e3 Bf5 4. c4 e6 5. Nc3 c6 6. Be2 Nbd7 7. O-O Bd6 8. b3 O-O 9. Bb2 h6 10. Rc1 Qe7 11. Nh4 Be4 12. Nxe4 dxe4 13. g3 Rad8 14. f4 c5 ({Black should play} 14... exf3 $11 15. Bxf3 Ba3 16. Bxa3 Qxa3) 15. Qc2 cxd4 16. exd4 b6 (16... Ba3 $11) 17. Ng2 Ba3 18. Rcd1 Nb8 $14 19. Ba1 Nc6 20. Ne3 Rd7 21. Rd2 Rfd8 22. Rfd1 Bb4 23. Bc3 Bxc3 24. Qxc3 Qb4 25. Qb2 Nxd4 26. Kf2 Nf5 27. Rxd7 Rxd7 28. Rxd7 Nxd7 29. g4 Nxe3 30. Kxe3 f5 31. Qd2 Qxd2+ 32. Kxd2 g5 33. Ke3 Kf7 34. b4 Kf6 35. a4 gxf4+ 36. Kxf4 Ne5 37. gxf5 exf5 38. Ke3 Nc6 39. b5 Na5 40. Kd4 Ke6 41. Bd1 Nb7 42. h3 Kd6 43. Bh5 Nc5 44. Bg6 Ne6+ 45. Ke3 Ke5 46. h4 f4+ 47. Ke2 Kd4 48. Bf5 f3+ 49. Kf2 Nc5 0-1